 Dungeon Crawl Stone Soup version 0.31-a0-844-gdc52ec4e09 (webtiles) character file.

Game seed: 17653914736015083883

35 BinkBink the Changeling (level 3, -1/18 HPs)
             Began as a Spriggan Shapeshifter on Sept 28, 2023.
             Killed from afar by Sigmund (7 damage)
             ... with a puff of flame
             ... on level 2 of the Dungeon.
             The game lasted 00:01:24 (822 turns).

BinkBink the Changeling (Spriggan Shapeshifter)      Turns: 822, Time: 00:01:27

Health: -1/18      AC:  2    Str: 10    XL:     3   Next: 16%
Magic:  4/4        EV: 18    Int: 11    God:
Gold:   50         SH:  0    Dex: 22    Spells: 2/2 levels left

rFire   . .          .
                       - Unarmed
rCold   . . .        (no shield)
rNeg    . . .        a - +0 animal skin
rPois   .            (helmet currently unavailable)
rElec   .            (cloak currently unavailable)
rCorr   .            (gloves unavailable)
SInv    +            (boots unavailable)
Will    .....        (no amulet)
Stlth   ++           f - +6 ring of dexterity
HPRegen 0.23/turn    (no ring)
MPRegen 0.09/turn

%: no passive effects
@: beast-form, very quick
A: beast (slay +2), very small, no large weapons, unfitting armour, see
invisible, speed 3
a: Begin Untransformation


You were on level 2 of the Dungeon.
You were a hulking beast.
You visited 1 branch of the dungeon, and saw 2 of its levels.

You collected 50 gold pieces.

Inventory:

Armour
 a - a +0 animal skin (worn)
Jewellery
 f - a +6 ring of dexterity (left hand)
Talismans
 c - a beast talisman (active)
 d - a flux talisman
Potions
 b - a potion of lignification
 e - 2 potions of haste {unknown}
 g - a potion of brilliance {unknown}


   Skills:
 + Level 1.2 Fighting
 + Level 3.1 Dodging
 + Level 1.5 Stealth
 + Level 2.6 Unarmed Combat
 * Level 4.6 Shapeshifting


You had 2 spell levels left.
You didn't know any spells.
Your spell library contained the following spells:

 Spells                   Type           Power      Damage    Failure   Level
 Freeze                   Ice            0%         1d3       34%         1
 Shock                    Conj/Air       0%         1d3       34%         1
 Frozen Ramparts          Ice            0%         1d1       71%         3
 Hailstorm                Conj/Ice       0%         3d3       71%         3
 Swiftness                Air            0%         N/A       71%         3
 Airstrike                Air            0%         2d(0-16)  98%         4


Dungeon Overview and Level Annotations

Branches:
Dungeon (2/15)

Altars:

Annotations:
D:2 Robin, Sigmund


Innate Abilities, Weirdness & Mutations

You are a hulking beast.
Your limbs bulge with bestial killing power. (Slay +2)
You are very small and have problems with some larger weapons.
You are too small for most types of armour.
You have supernaturally acute eyesight. (SInv)
You cover ground extremely quickly. (Speed+++)


Message History

Sigmund points at you and mumbles some strange words.
The puff of flame hits you!
You hit Sigmund.
Sigmund is severely wounded.
Sigmund gestures at you while chanting. You resist with some effort.
You completely miss Sigmund.
Sigmund is severely wounded.
Sigmund says, "You will soon forget everything."
Sigmund misses you.
You closely miss Sigmund.
Sigmund is severely wounded.
Sigmund misses you.
You hit Sigmund.
Sigmund is severely wounded.
You closely miss Sigmund.
Sigmund is severely wounded.
Sigmund misses you.
You closely miss Sigmund.
Sigmund is severely wounded.
Sigmund completely misses you.
You barely miss Sigmund. Your punch misses Sigmund.
Sigmund is severely wounded.
You closely miss Sigmund.
Sigmund is severely wounded.
Sigmund closely misses you.
You hit Sigmund.
Sigmund is severely wounded.
You closely miss Sigmund.
Sigmund is severely wounded.
Sigmund hits you with a +2 scythe of venom!
* * * LOW HITPOINT WARNING * * *
You are too injured to fight recklessly!
You hit Sigmund.
Sigmund is almost dead.
Sigmund laughs darkly.
Sigmund casts a spell at you. The puff of flame hits you!
You die...
Sigmund begins carving another notch in his scythe.

#.......+.######..
#.#.....###≈~≈≈#.#
#.#......##~≈~≈#[#
#.#.......'≈~≈~'.#
#.#########~≈~≈#.#
#.# #≈~≈≈#.# #.#
######.# #.# ###
.########h#
........@.#
###########


You could see Sigmund (invisible).

Vanquished Creatures
  A dart slug (D:1)
  4 ball pythons (D:1)
  An endoplasm (D:1)
  2 hobgoblins (D:1)
  9 jackals
  2 kobolds (D:1)
  A quokka (D:1)
  2 bats (D:1)
  A frilled lizard (D:1)
  2 goblins (D:1)
  4 rats
29 creatures vanquished.

Notes
Turn   | Place    | Note
-------+----------+-------------------------------------------
     0 | D:1      | BinkBink the Spriggan Shapeshifter began the quest for the
                  | Orb.
     0 | D:1      | Reached XP level 1. HP: 9/9 MP: 2/2
   146 | D:1      | Reached skill level 1 in Fighting
   147 | D:1      | Reached XP level 2. HP: 14/14 MP: 3/3
   181 | D:1      | Reached skill level 1 in Stealth
   224 | D:1      | You fall into a shaft and drop 1 floor!
   230 | D:2      | Noticed Robin
   694 | D:1      | Reached XP level 3. HP: 18/18 MP: 4/4
   798 | D:2      | Noticed Sigmund
   822 | D:2      | Killed from afar by Sigmund

Illustrated notes

Levels and vault maps discovered:
D:1:      heliophobic_arrival_battle_scene, layout_basic
D:2:      layout_basic, serial_rivers, chequers_serial_rivers_room_b,
          chequers_serial_rivers_room_a, chequers_serial_rivers_micro_b,
          chequers_serial_rivers_micro_a, st_stairs_13, minmay_statues_item,
          grunt_ministairs_3, dreamdust_wishing_well, uniq_robin,
          uniq_crazy_yiuf_cottage, uniq_sigmund

Skill      XL: |  1  2 |
---------------+-------+-----
Fighting       | 1 |  1.2
Stealth        | 1 |  1.5
Dodging        | 3 |  3.1
Unarmed Combat | |  2.6
Shapeshifting  | |  4.6

Action                     || total
---------------------------++-------
  Melee: Unarmed           ||    83
   Stab: Sleeping          ||     3
 Armour: Animal skin       ||    27
  Dodge: Dodged            ||    71

Table legend: (Time is in decaauts)
 A = Elapsed time spent in this place.
 B = Non-inter-level travel time spent in this place.
 C = Inter-level travel time spent in this place.
 D = Time resting spent in this place.
 E = Time spent auto-exploring this place.
 F = Levels seen in this place.
 G = Mean time per level.
                   A        B        C        D        E       F      G
               +--------+--------+--------+--------+--------+-----+--------+
         Total |    556 |    548 |      8 |      0 |    408 |   2 |  278.0 |
       Dungeon |    556 |    548 |      8 |      0 |    408 |   2 |  278.0 |
               +--------+--------+--------+--------+--------+-----+--------+

Top non-repeatable levels by time:
     D:1: 454 daAuts
     D:2: 101 daAuts
